 Dungeon Crawl Stone Soup version 0.31-a0-167-g1c394c0614 (webtiles) character file.

Game seed: 6398089720127194916

166 qw the Chopper (level 5, -5/32 HPs)
             Began as a Gargoyle Fighter on June 14, 2023.
             Slain by an ogre
             ... wielding a +0 giant spiked club
              (14 damage)
             ... on level 3 of the Dungeon.
             The game lasted 00:01:07 (2243 turns).

qw the Chopper (Gargoyle Fighter)                   Turns: 2243, Time: 00:01:07

Health: -5/32      AC: 19    Str: 21    XL:     5   Next: 47%
Magic:  5/5        EV:  5    Int:  9    God:
Gold:   135        SH:  4    Dex:  9    Spells: 4/4 levels left

rFire   . . .        Y - +0 war axe (drain)
rCold   . . .        c - +0 buckler
rNeg    + . .        h - +0 plate armour
rPois   inf          a - +0 helmet
rElec   +            (no cloak)
rCorr   .            l - +2 pair of gloves
SInv    .            (no boots)
Will    .....        b - amulet of the acrobat Stlth
                     (no ring)
HPRegen 0.25/turn    (no ring)
MPRegen 0.09/turn

%: acrobat
@: attractive
A: sickness immunity, AC +4, negative energy resistance 1, electricity
resistance, torment resistance 1, petrification resistance
a: no special abilities


You were on level 3 of the Dungeon.
You visited 1 branch of the dungeon, and saw 4 of its levels.

You collected 135 gold pieces.


Innate Abilities, Weirdness & Mutations

You are immune to sickness and miasma.
Your stone body is resilient. (AC +4)
You are immune to poison.
You resist negative energy. (rN+)
You are resistant to electric shocks. (rElec)
You are resistant to unholy torment.
You are immune to petrification.


   Skills:
 + Level 3.2 Fighting
 - Level 5.0 Axes
 - Level 3.2 Armour
 - Level 3.2 Shields


You had 4 spell levels left.
You didn't know any spells.
Your spell library was empty.

Inventory:

Hand Weapons
 g - a +0 flail
 Y - a +0 war axe of draining (weapon)
Armour
 a - a +0 helmet (worn)
 c - a +0 buckler (worn)
 h - a +0 plate armour (worn)
 l - a +2 pair of gloves (worn)
Jewellery
 b - an amulet of the acrobat (around neck)
Scrolls
 i - a scroll of identify
Potions
 d - 2 potions of might
 e - a potion of enlightenment {unknown}
 f - a potion of curing
 k - a potion of attraction

Dungeon Overview and Level Annotations

Branches:
Dungeon (4/15)
 Temple: D:4-7

Altars:

Shops:
D:1 [


Message History

(D) Dungeon
Where to? (* - list waypoints, Enter - D:3, ? - help)
What level of the Dungeon? (default 1, ? - help)
Things that are here:
a +0 whip; 3 stones
Items here: ))) [[[.
There is a stone staircase leading down here.
You climb downwards.
The iguana hisses angrily.
The kobold shouts!
You hear a shout!
The iguana is attracted toward you.
Found 10 gold pieces, a purple potion and a red potion.
Found an escape hatch in the ceiling.
There is a stone staircase leading up here.
There are monsters nearby!
Waypoint 3 assigned to D:4.
You barely miss the kobold. The kobold barely misses you.
An ogre comes into view. It is wielding a +0 giant spiked club.
The iguana is attracted toward you. The ogre is attracted toward you.
You slash the iguana!
The iguana is almost dead.
You hit the kobold but do no damage. You drain the kobold.
You kill the kobold!
The iguana barely misses you.
You slash the iguana!
You kill the iguana!
Your Axes skill increases to level 5!
You hit the ogre. You drain the ogre.
The ogre is lightly wounded.
The ogre hits you with a +0 giant spiked club!
2240 ||| STAIRDANCE The ogre hits you but does no damage.
You climb upwards.
There is a stone staircase leading down here.
You slash the ogre!
The ogre is severely wounded.
The ogre hits you with a +0 giant spiked club!
You barely miss the ogre.
The ogre is severely wounded.
The ogre hits you with a +0 giant spiked club!
You die...

#.#.##.##.)....#...#.# #
#.#.##......#..#####.# #
#.#.##..#.###..# #.###
#.#?##...#.##..# #..##
##########.#.##..###.#..# ##.##
#...........<...## ##...######.##
#.#######.#####..###..#..........
#.#######.# #..)#.#.########.##
#).....##.# #O@#.##.# #.#
######>##.# #..#.##.### #.#
#.##.# #..#.##...# #.# #.##.#
#..#.####.# #.#
#.##.#####....####.######.#
#.##......................#
#.##########.#####)######## #.#
#.# #.# ###.# #.# #.#


You could see an ogre (drained).

Vanquished Creatures
  A jelly (D:3)
  An iguana (D:4)
  Robin (D:3)
  3 adders
  2 dart slugs
  4 orcs (D:3)
  5 endoplasms
  14 goblins
  8 hobgoblins
  2 jackals (D:1)
  7 kobolds
  3 quokkas
  2 ball pythons
  2 bats
  2 frilled lizards (D:2)
  6 rats
63 creatures vanquished.

Notes
Turn   | Place    | Note
-------+----------+-------------------------------------------
     0 | D:1      | qw the Gargoyle Fighter began the quest for the Orb.
     0 | D:1      | Reached XP level 1. HP: 14/14 MP: 1/1
     0 | D:1      | 0 ||| qw: Version: 0.2-a-29-g1fa15c8
     0 | D:1      | 0 ||| qw: Game counter: 5053
     0 | D:1      | 0 ||| qw: Always use a shield: true
     0 | D:1      | 0 ||| qw: God list: Okawaru
     0 | D:1      | 0 ||| qw: Allow faded altars: false
     0 | D:1      | 0 ||| qw: Do Orc after D:15 true
     0 | D:1      | 0 ||| qw: Do second Lair branch before Depths: true
     0 | D:1      | 0 ||| qw: Lair rune preference: random
     0 | D:1      | 0 ||| qw: Plans: Normal, Zot:1-4, Slime:5, God:TSO, Crypt,
                  | Tomb, Abyss, Pan, Hells, Win
     0 | D:1      | 0 ||| PLANNING D:1-11
    62 | D:1      | Reached skill level 2 in Axes
   143 | D:1      | 143 ||| Stepping ~*~*~tactically~*~*~ (hiding).
   149 | D:1      | Reached XP level 2. HP: 19/19 MP: 2/2
   257 | D:1      | Found Ithrat Hamaen's Armour Shop.
   268 | D:1      | 268 ||| SHOPLISTING +0 plate armour (299 gold, have 8).
   268 | D:1      | 268 ||| SHOPLISTING +1 scale mail "Rukh" {Drain rPois
                  | Dex+6} (353 gold, have 8).
   268 | D:1      | 268 ||| SHOPLISTING +2 plate armour of cold resistance (520
                  | gold, have 8).
   268 | D:1      | 268 ||| SHOPLISTING +3 plate armour of fire resistance (585
                  | gold, have 8).
   389 | D:1      | 389 ||| Stepping ~*~*~tactically~*~*~ (hiding).
   390 | D:1      | 390 ||| Stepping ~*~*~tactically~*~*~ (hiding).
   391 | D:1      | 391 ||| Stepping ~*~*~tactically~*~*~ (hiding).
   393 | D:1      | 393 ||| Stepping ~*~*~tactically~*~*~ (hiding).
   641 | D:1      | Found a faded altar of an unknown god.
   723 | D:1      | Reached skill level 3 in Axes
   824 | D:1      | 824 ||| UPGRADING to +0 plate armour.
   834 | D:1      | 834 ||| DROPPING +0 scale mail.
   835 | D:1      | 835 ||| READING scroll labelled GOMORGH EJOYBI.
   917 | D:2      | Reached XP level 3. HP: 21/23 MP: 3/3
   966 | D:2      | 966 ||| Stepping ~*~*~tactically~*~*~ (stealth).
  1147 | D:2      | 1147 ||| Stepping ~*~*~tactically~*~*~ (hiding).
  1412 | D:2      | 1412 ||| UPGRADING to +2 pair of gloves.
  1417 | D:2      | 1417 ||| UPGRADING to amulet of the acrobat.
  1422 | D:2      | 1422 ||| READING scroll labelled SYETAQ XEFOULE.
  1438 | D:2      | 1438 ||| READING scroll labelled GAIGHIEJAT.
  1439 | D:2      | 1439 ||| READING 2 scrolls labelled WOUGIU ZUGOCUO.
  1440 | D:2      | 1440 ||| READING scroll labelled TAMYVA REZ OKU.
  1577 | D:3      | Noticed Robin
  1584 | D:3      | Killed Robin
  1585 | D:3      | Reached XP level 4. HP: 23/28 MP: 4/4
  1589 | D:3      | Reached skill level 4 in Axes
  1662 | D:3      | 1662 ||| Stepping ~*~*~tactically~*~*~ (stealth).
  1675 | D:3      | 1675 ||| DROPPING +0 whip.
  1732 | D:3      | Reached XP level 5. HP: 24/32 MP: 5/5
  2208 | D:3      | 2208 ||| UPGRADING to +0 helmet.
  2213 | D:3      | 2213 ||| DRINKING 2 glowing sapphire potions.
  2214 | D:3      | 2214 ||| DRINKING 2 yellow potions.
  2236 | D:4      | Noticed an ogre
  2239 | D:4      | Reached skill level 5 in Axes
  2240 | D:4      | 2240 ||| STAIRDANCE
  2243 | D:3      | Slain by an ogre

Levels and vault maps discovered:
D:1:      nzn_arrival_settlement, layout_basic, serial_shops, shop,
          hellmonk_ecumenical_altar_inner_sanctum
D:2:      layout_rooms, kennysheep_donut
D:3:      layout_loops_ring, uniq_robin
D:4:      layout_rooms, gammafunk_ghost_split, grunt_ministairs_11, uniq_edmund

Skill      XL: |  1  2  3  4  5 |
---------------+----------------+-----
Axes           | 2 3 4 5 |  5.0
Fighting       | |  3.2
Armour         | |  3.2
Shields        | |  3.2

Action                     |  1- 3 |  4- 6 || total
---------------------------+-------+-------++-------
  Melee: War axe           |    79 |    63 ||   142
    Use: Scroll            |     5 |       ||     5
         Potion            |       |     2 ||     2
 Armour: Scale mail        |    14 |       ||    14
         Plate armour      |    28 |    31 ||    59
  Dodge: Dodged            |    19 |    12 ||    31
  Block: Buckler           |    13 |    11 ||    24

Table legend:
 A = Non-vault XP
 B = Vault XP
 C = Vault XP percentage of total XP
 D = Non-vault monster count
 E = Vault monster count
 F = Vault count percentage of total count
                 A         B        C        D         E       F
            +---------+---------+-------+---------+---------+-------
      Total |     200 |      38 |  16.0 |      50 |      13 |  20.6
            +---------+---------+-------+---------+---------+-------
        D:1 |      31 |       0 |   0.0 |      17 |       0 |   0.0
        D:2 |      37 |       0 |   0.0 |      15 |       0 |   0.0
        D:3 |      96 |      38 |  28.4 |      16 |      13 |  44.8
        D:4 |      36 |       0 |   0.0 |       2 |       0 |   0.0
            +---------+---------+-------+---------+---------+-------
